Map: Port Aleksander LE

Players

TIME (Oliveira) - Winner!

  • Race: Terran Terran
  • Spawn Location: 5:00

Kas

  • Race: Terran Terran
  • Spawn Location: 11:00

Event: 2019 WCS Spring

VOD

Have the link to the VOD?

Description

Time

  • Played on: May 17, 2019, 11:36 a.m.
  • Length: 16:14

All games in this series

Show
View Real Time Build Order
Export as new Build Order

TIME Terran - Winner!

Build Orders: 1/1/1 

Get SALT Encoding   

  12  0:00  SCV  
  13  0:12  SCV  
  14  0:18  Supply Depot  
  14  0:25  SCV  
  15  0:30  Refinery  
  15  0:39  SCV  
  16  0:45  Barracks  
  16  0:51  SCV  
  16  0:56  Refinery  
  17  1:03  SCV  
  18  1:16  SCV  
  19  1:33  Barracks Reactor  
  19  1:34  Orbital Command  
  19  1:36  Factory  
  19  1:46  Supply Depot  
  19  2:00  SCV  
  20  2:09  Reaper x2  
  20  2:12  SCV  
  23  2:20  Hellion  
  23  2:22  Starport  
  25  2:25  SCV  
  26  2:33  Supply Depot  
  26  2:37  SCV  
  26  2:41  Reaper x2  
  29  2:47  Hellion  
  31  2:54  SCV  
  34  3:07  Viking  
  34  3:09  Factory Tech Lab  
  34  3:14  Reaper x2  
  34  3:32  Command Center  
  32  3:37  Cyclone  
  32  3:40  Starport Tech Lab  
  35  3:46  Marine  
  35  3:47  Marine  
  38  3:51  Supply Depot  
  38  3:54  SCV  
  36  4:13  Raven  
  36  4:14  SCV  
  36  4:16  Refinery  
  39  4:20  Marine  
  39  4:24  Marine  
  38  4:26  SCV  
  40  4:38  SCV  
  40  4:40  Siege Tank  
  40  4:44  Orbital Command  
  44  4:50  SCV, Marine  
  45  5:02  Marine  
  45  5:06  Raven  
  41  5:15  Marine  
  41  5:17  SCV  
  41  5:20  SCV  
  41  5:21  Siege Tank  
  41  5:27  Marine  
  45  5:29  SCV  
  45  5:32  SCV  
  47  5:41  SCV  
  48  5:44  SCV  
  48  5:49  Command Center  
  49  5:53  SCV, Siege Tank  
  49  5:56  SCV  
  54  6:03  Viking x2  
  58  6:05  Marine  
  58  6:06  SCV  
  58  6:09  Supply Depot  
  60  6:12  Stimpack  
  60  6:15  SCV  
  60  6:18  SCV  
  62  6:20  Supply Depot  
  62  6:30  SCV, Marine  
  62  6:31  Siege Tank  
  67  6:33  Viking, SCV  
  67  6:36  Refinery  
  70  6:43  Supply Depot  
  70  6:46  Viking  
  72  6:49  Marine  
  72  6:50  SCV  
  72  6:51  SCV  
  73  7:03  Viking, Orbital Command  
  73  7:04  SCV  
  73  7:06  Siege Tank  
  79  7:11  SCV  
  79  7:16  SCV  
  80  7:23  Marine  
  80  7:25  Barracks x2  
  76  7:36  Liberator  
  76  7:37  Orbital Command  
  76  7:39  Siege Tank  
  76  7:40  Marine  
  80  7:44  SCV, Engineering Bay  
  80  7:45  Engineering Bay  
  80  7:46  SCV  
  82  7:54  Viking  
  87  8:02  SCV x2  
  87  8:04  SCV  
  88  8:08  Marine  
  88  8:12  Barracks Reactor x2  
  89  8:14  SCV x2  
  89  8:16  Terran Infantry Weapons Level 1, Sensor Tower, Terran Infantry Armor Level 1  
  91  8:20  SCV  
  91  8:26  SCV x2, Marine  
  95  8:28  Siege Tank  
  98  8:37  Combat Shield, Barracks  
  98  8:38  Barracks  
  100  8:42  SCV  
  100  8:45  SCV, Marine  
  100  8:47  Supply Depot  
  101  8:57  Marine  
  101  9:07  Marine  
  101  9:08  Medivac x2, Marine x2  
  101  9:13  Marine  
  92  9:17  Marine  
  92  9:18  Siege Tank  
  92  9:19  SCV  
  92  9:21  SCV x2  
  92  9:22  Refinery x2  
  90  9:25  Barracks Reactor x2, Marine x2  
  90  9:26  Marine, Command Center, Supply Depot x2  
  90  9:28  Armory  
  90  9:31  Marine  
  94  9:32  SCV  
  94  9:33  SCV x2  
  94  9:35  Marine  
  98  9:43  Medivac x2, Marine x2  
  98  9:44  Marine  
  105  9:47  SCV  
  105  9:50  SCV  
  107  9:53  Marine x2  
  107  9:54  Siege Tank  
  107  9:59  Supply Depot  
  112  10:00  Supply Depot  
  112  10:01  Marine x2  
  112  10:03  Missile Turret  
  112  10:04  Missile Turret, Marine  
  115  10:08  Marine  
  115  10:09  Marine  
  115  10:10  Marine  
  115  10:11  Marine  
  115  10:13  SCV  
  120  10:14  Marine  
  120  10:16  Medivac x2  
  120  10:20  Marine  
  126  10:23  Supply Depot x2  
  126  10:27  Terran Infantry Weapons Level 2  
  126  10:28  Marine x2  
  128  10:30  Marine  
  128  10:34  Marine  
  128  10:35  Marine  
  131  10:36  SCV  
  131  10:37  SCV  
  131  10:38  Siege Tank, Marine  
  131  10:42  Factory  
  137  10:45  SCV  
  137  10:46  Medivac  
  137  10:48  Marine x2  
  142  10:52  Marine  
  142  10:53  Terran Infantry Armor Level 2  
  142  10:54  Terran Vehicle Weapons Level 1  
  134  11:02  Marine x3  
  117  11:05  Marine  
  117  11:07  Marine  
  117  11:08  Marine x2  
  117  11:09  Viking  
  115  11:12  Marine  
  115  11:15  Marine  
  115  11:20  Marine  
  115  11:22  Marine  
  115  11:24  Marine x2  
  109  11:25  Marine  
  109  11:27  Marine x2  
  109  11:29  Siege Tank  
  109  11:30  Viking, Marine  
  113  11:33  Marine, Factory Tech Lab  
  113  11:34  Planetary Fortress  
  113  11:38  Marine  
  115  11:40  Marine  
  115  11:42  Viking, Marine x2  
  115  11:43  Marine  
  115  11:44  Marine  
  115  11:45  Marine  
  123  11:48  SCV x3  
  123  11:49  Refinery  
  123  11:50  Refinery  
  123  11:51  Marine x2  
  123  11:53  Siege Tank  
  131  11:57  Marine  
  131  11:58  Marine  
  131  11:59  Marine  
  131  12:00  Viking, SCV  
  137  12:05  Marine  
  137  12:07  Siege Tank  
  137  12:08  Marine x2  
  143  12:15  Viking  
  145  12:17  Starport, Marine  
  145  12:19  Starport  
  145  12:20  SCV  
  145  12:22  Sensor Tower  
  147  12:23  Marine  
  147  12:25  Siege Tank  
  151  12:30  Marine x2  
  153  12:42  Viking  
  156  12:47  SCV x2  
  156  12:48  SCV x2, Command Center, Supply Depot  
  156  12:49  Supply Depot  
  160  12:51  Command Center  
  160  12:54  Terran Infantry Weapons Level 3  
  160  12:58  Terran Vehicle Weapons Level 2  
  159  12:59  Marine  
  159  13:01  Starport Tech Lab x2  
  160  13:10  Siege Tank  
  160  13:11  Siege Tank  
  165  13:16  Marine  
  166  13:22  Marine  
  165  13:30  Marine  
  165  13:31  Marine  
  165  13:32  Corvid Reactor, Raven x2  
  165  13:33  Marine x2  
  163  13:34  Viking x2  
  167  13:42  Siege Tank, Marine  
  167  13:46  Marine  
  169  13:51  Liberator  
  169  13:53  Marine  
  169  13:55  Siege Tank  
  173  13:58  Marine  
  174  14:03  Marine x3  
  174  14:06  Viking  
  182  14:15  Marine  
  176  14:18  Marine x2  
  176  14:20  Raven  
  180  14:24  Marine  
  180  14:28  Marine  
  180  14:29  Siege Tank  
  183  14:33  Marine x3  
  183  14:34  Marine  
  183  14:35  Marine  
  183  14:37  Siege Tank  
  189  14:39  Viking  
  189  14:40  Raven, Marine  
  189  14:41  Orbital Command  
  189  14:45  Marine  
  195  14:46  Command Center  
  195  14:48  Marine  
  195  14:51  Marine  
  197  14:54  Refinery  
  197  14:55  Refinery  
  197  14:57  Marine  
  197  14:58  Marine  
  193  15:01  Marine x2  
  194  15:10  Marine x2  
  196  15:14  Siege Tank  
  196  15:15  Marine  
  200  15:35  Marine  
  158  15:43  Marine  
  158  15:44  Marine  
  158  15:45  Marine  
  158  15:46  Marine x2  
  158  15:47  Marine  
  162  15:51  Marine  
  162  15:53  Marine  
  162  15:54  Marine  
  169  16:06  Command Center  
Show
View Real Time Build Order
Export as new Build Order

Kas Terran 

Build Orders: 1/1/1, Liberator Opening 

Get SALT Encoding   

  12  0:00  SCV  
  13  0:12  SCV  
  14  0:18  Supply Depot  
  14  0:26  SCV  
  15  0:29  Refinery  
  15  0:39  SCV  
  16  0:46  Barracks  
  16  0:51  SCV  
  17  0:58  Refinery  
  17  1:04  SCV  
  18  1:16  SCV  
  19  1:32  Orbital Command  
  19  1:34  Factory  
  19  1:37  Reaper  
  20  1:45  Supply Depot  
  20  1:58  SCV  
  21  2:09  Reaper  
  21  2:10  SCV  
  23  2:18  Hellion, Starport  
  25  2:23  SCV  
  25  2:29  Supply Depot  
  26  2:35  SCV  
  27  2:40  Liberator  
  27  2:41  Hellion, Reaper  
  30  2:49  SCV  
  31  2:54  Supply Depot  
  34  3:05  Hellion  
  35  3:17  SCV  
  36  3:20  Barracks Tech Lab  
  35  3:34  SCV  
  35  3:40  Command Center  
  36  3:46  Cyclone  
  39  3:51  SCV  
  39  3:52  Barracks Reactor  
  40  4:00  Supply Depot  
  40  4:04  SCV  
  40  4:07  Refinery  
  41  4:16  SCV  
  39  4:18  Cyclone  
  41  4:28  SCV  
  41  4:29  Marine  
  41  4:30  Marine  
  44  4:40  SCV  
  45  4:48  Marine  
  45  4:49  Marine  
  45  4:52  SCV  
  48  4:58  Raven  
  48  4:59  Factory Tech Lab  
  49  5:06  Orbital Command  
  41  5:18  SCV, Siege Tank, Marine x2  
  47  5:30  SCV  
  47  5:31  Command Center  
  47  5:33  SCV  
  49  5:36  Marine x2  
  49  5:41  Raven  
  49  5:42  SCV  
  54  5:46  SCV  
  55  5:50  Refinery  
  55  5:53  Siege Tank  
  55  5:54  SCV  
  59  6:00  SCV, Supply Depot  
  59  6:01  Marine  
  59  6:03  Marine  
  62  6:06  SCV  
  63  6:12  SCV  
  65  6:18  SCV  
  65  6:23  Barracks  
  65  6:24  SCV, Barracks  
  66  6:27  Siege Tank  
  66  6:30  Stimpack, Marine  
  66  6:32  SCV  
  71  6:37  Viking  
  71  6:38  Viking  
  75  6:42  SCV  
  75  6:45  Orbital Command  
  76  6:49  SCV  
  77  6:58  SCV  
  77  7:01  Siege Tank, Marine  
  79  7:03  SCV  
  83  7:09  Viking  
  83  7:10  SCV  
  83  7:11  Viking  
  83  7:12  Barracks Reactor  
  88  7:16  Barracks Reactor  
  88  7:21  Orbital Command  
  88  7:23  SCV x2  
  83  7:32  Marine  
  83  7:35  SCV  
  85  7:40  SCV  
  86  7:44  Barracks  
  86  7:45  Engineering Bay  
  86  7:46  Engineering Bay  
  86  7:48  Barracks  
  86  7:50  Marine  
  85  7:53  SCV, Marine  
  85  7:54  Viking x2  
  91  7:59  Marine  
  91  8:00  Marine  
  91  8:05  SCV  
  92  8:07  SCV  
  92  8:10  Supply Depot  
  92  8:11  Terran Infantry Weapons Level 1, Supply Depot  
  93  8:17  Terran Infantry Armor Level 1  
  93  8:22  Supply Depot  
  93  8:23  SCV x3, Marine  
  97  8:28  Medivac x2  
  97  8:32  Barracks Reactor, Siege Tank, Marine x3  
  107  8:35  SCV x2  
  107  8:41  SCV  
  110  8:43  Refinery x2  
  110  8:44  Supply Depot  
  110  8:46  Armory  
  110  8:47  Barracks Reactor  
  110  8:48  SCV x2  
  112  8:49  Marine  
  112  8:51  Marine x2  
  115  9:02  Marine x2  
  116  9:04  Siege Tank  
  116  9:07  Marine  
  116  9:08  Marine x2  
  114  9:16  Marine x2  
  92  9:20  Medivac x2, Marine x2  
  92  9:22  SCV x3  
  95  9:25  Marine  
  95  9:26  Marine x2  
  98  9:32  Sensor Tower  
  98  9:33  Marine x2  
  98  9:34  SCV x2, Marine x2  
  98  9:36  Siege Tank  
  98  9:38  Marine x2  
  108  9:42  Marine  
  108  9:43  Factory  
  108  9:44  Marine x2  
  112  9:51  Marine x2  
  114  9:55  Marine x2  
  114  9:56  Medivac x2, Marine x2  
  114  9:59  Command Center, Supply Depot  
  122  10:00  Marine  
  122  10:01  Supply Depot x2  
  122  10:02  Combat Shield, Marine  
  122  10:03  Marine  
  125  10:14  Marine x2  
  125  10:16  Marine x2  
  125  10:19  Siege Tank  
  131  10:24  Marine x2  
  131  10:31  Marine x3  
  131  10:32  Factory Tech Lab, Marine x2  
  131  10:34  Marine x2  
  138  10:35  Medivac x2  
  138  10:39  SCV  
  138  10:40  SCV x2  
  145  10:45  Marine x2  
  145  10:49  Marine  
  146  10:51  SCV, Marine  
  146  10:52  SCV x2  
  145  11:03  Marine x6  
  124  11:05  Siege Tank, Marine  
  124  11:06  Medivac  
  124  11:07  Marine  
  124  11:09  Marine  
  121  11:14  Planetary Fortress  
  121  11:17  Liberator  
  114  11:21  Marine x6  
  114  11:25  Marine  
  118  11:31  Marine x2  
  118  11:33  Siege Tank  
  118  11:34  Missile Turret  
  118  11:37  Terran Infantry Weapons Level 2  
  118  11:38  Marine  
  125  11:42  Terran Infantry Armor Level 2  
  125  11:45  Siege Tank  
  128  11:51  Marine x4  
  132  11:57  Marine x2  
  132  11:58  Marine x3  
  137  12:05  Siege Tank  
  140  12:08  Marine  
  140  12:09  Marine  
  142  12:16  Marine  
  142  12:17  Marine x6  
  142  12:22  Barracks  
  149  12:23  Barracks x2  
  149  12:26  Siege Tank, Marine x2  
  154  12:34  Marine x7  
  161  12:44  Marine x2  
  161  12:46  Siege Tank  
  161  12:49  Refinery  
  161  12:50  Refinery, Supply Depot x2  
  161  12:51  Supply Depot  
  166  12:52  Command Center, Marine x6  
  166  12:53  Marine  
  172  13:02  Siege Tank  
  172  13:03  Marine x2  
  172  13:05  Supply Depot  
  172  13:06  Medivac x2, Supply Depot  
  172  13:10  Barracks Reactor, Marine x2  
  172  13:11  Barracks Reactor x2, Marine x2  
  180  13:26  Starport  
  179  13:27  Starport  
  179  13:34  Marine  
  173  13:39  Marine  
  169  13:41  Marine  
  168  13:49  Marine x2  
  169  14:06  Missile Turret  
  169  14:07  Missile Turret  
  169  14:09  Missile Turret  
  169  14:13  Marine x11  
  176  14:17  Viking x2  
  176  14:23  Command Center  
  179  14:31  Marine x3  
  172  14:40  Siege Tank x2  
  172  14:45  Starport  
  178  14:47  Starport  
  178  14:48  Marine  
  178  14:50  Viking x2  
  178  14:52  Marine  
  180  15:20  Viking x2  
  181  15:24  Marine  
  168  15:35  Siege Tank  
  146  15:43  Marine x5  
  146  15:44  Marine x10  
  132  15:57  SCV x2  
Tags
 
Add a new tag
Caveats
  • Supply blocks, unpowered buildings, or Contaminate may cause inaccurate times.
  • Supply counts are checked every 10 seconds.